 Dungeon Crawl Stone Soup version 0.18-a0-1285-g60d00e1 (webtiles) character file.

483 Duffy the Slasher (level 6, 24/55 HPs)
             Began as a Deep Dwarf Berserker on Feb 8, 2016.
             Was an Elder of Trog.
             Quit the game on level 3 of the Dungeon.
             The game lasted 00:03:16 (2233 turns).

Duffy the Slasher (Deep Dwarf Berserker)            Turns: 2233, Time: 00:03:16

Health: 24/55      AC:  7    Str: 20    XL:     6   Next: 88%
Magic:  6/6        EV: 11    Int:  8    God:    Trog [****..]
Gold:   142        SH:  0    Dex: 14    Spells: 0 memorised, 5 levels left

rFire  . . .     SeeInvis .     a - +0 falchion
rCold  . . .     Gourm    .     i - +0 ring mail
rNeg   . . .     Faith    .     (no shield)
rPois  .         Spirit   .     m - +0 helmet
rElec  .         Dismiss  .     j - +0 cloak (curse)
rCorr  .         Reflect  .     (no gloves)
SustAt .         Harm     .     (no boots)
MR     .....                    (no amulet)
Stlth  +.........               (no ring)
                                (no ring)

@: non-regenerating, not resistant to hostile enchantments, very unstealthy
A: damage resistance, recharge devices, sense surroundings 1, slow regeneration
3
a: Device Recharging, Berserk, Trog's Hand, Brothers in Arms, Burn Spellbooks,
Renounce Religion


You were on level 3 of the Dungeon.
You worshipped Trog.
Trog was greatly pleased with you.
You were not hungry.

You visited 1 branch of the dungeon, and saw 4 of its levels.

You collected 142 gold pieces.


Innate Abilities, Weirdness & Mutations

You are resistant to damage.
You can recharge devices by infusing magical energy.
You passively map a small area around you.
You do not regenerate naturally.


   Skills:
 - Level 2.6 Fighting
 + Level 7.9 Long Blades
 - Level 2.1 Armour
 - Level 2.1 Dodging


You had 5 spell levels left.
You didn't know any spells.

Inventory:

Hand Weapons
 a - a +0 falchion (weapon)
Armour
 b - a +0 animal skin
 i - a +0 ring mail (worn)
 j - a cursed +0 cloak (worn)
 m - a +0 helmet (worn)
Wands
 c - a wand of heal wounds (3/9)
 r - a wand of digging (9/24)
Scrolls
 e - 10 scrolls of identify {unknown}
 g - a scroll of teleportation {unknown}
 h - a scroll of noise {unknown}
 l - a scroll of fog {unknown}
 s - a scroll of magic mapping {unknown}
 t - a scroll of remove curse {unknown}
 w - a scroll of amnesia {unknown}
Potions
 k - a potion of heal wounds {unknown}
 n - a potion of flight {unknown}
 o - a potion of mutation {unknown}
 q - 2 potions of curing {unknown}
 u - a potion of ambrosia {unknown}
 v - 2 potions of lignification {unknown}
Comestibles
 d - 5 bread rations
 f - a beef jerky
 p - a meat ration

Dungeon Overview and Level Annotations

Branches:
Dungeon (4/15)
 Temple: D:4-7

Altars:
Gozag
Vehumet


Message History

The bat closely misses you. The bat hits you but does no damage.
You slash the bat!
You kill the bat!
Trog accepts your kill.
Eating a chunk of flesh.
This raw flesh tastes terrible.
You continue eating.
You feel yourself speed up.
You continue eating.
Things that are here:
a dagger; an orc corpse
s - a scroll labeled SOCVYW QEBB You see here a scale mail.
Things that are here:
a club; a goblin corpse You feel less exhausted.
e - 10 scrolls labeled JYRIPPA HUMM (gained 1)
u - a fuming blue potion
Found an escape hatch in the floor.
A bat comes into view.
The bat barely misses you.
A bat is nearby!
A bat is nearby!
You are too injured to fight recklessly!
You are too injured to fight recklessly!
You slash the bat!
You kill the bat!
Trog accepts your kill.
Found 2 murky red potions.
Found 26 arrows.
v - 2 murky red potions
w - a scroll labeled SUZOXI WYUR
Found a glowing robe.
You found a teleport trap!
Found a stone staircase leading up.
Are you sure you want to abandon this character and quit the game? (Confirm with "yes".)

###.###...#####........##
## #.# #...# #..........#
.###.. ....# #....[.....#
...##.. * .# #..........#
##...>.. . #..........#
.#.####. ..#
*#..........# .#.#
....##.........##
...####,# .#...........##
......#.#...##..@#######
......#.#.#....^.# ** *
......#...#......., ,
....))....#......##* *
....([............ ,,, *
...<)............#
.................#
.##.####..#..<...# # #.#
*..#,. * ,


There were no monsters in sight!

Action                   |  1- 3 |  4- 6 || total
-------------------------+-------+-------++-------
Melee: Falchion          |    85 |   233 ||   318
Invok: Berserk           |     3 |     5 ||     8
Evoke: Wand              |       |     2 ||     2
  Eat: Chunk             |     2 |     9 ||    11
       Pizza             |       |     1 ||     1

Notes
Turn   | Place    | Note
--------------------------------------------------------------
     0 | D:1      | Duffy the Deep Dwarf Berserker began the quest for the Orb.
     0 | D:1      | Reached XP level 1. HP: 20/20 MP: 1/1
   264 | D:1      | Reached XP level 2. HP: 22/27 MP: 2/2
   421 | D:1      | Reached skill level 4 in Long Blades
   449 | D:1      | Reached XP level 3. HP: 20/33 MP: 3/3
   925 | D:2      | Noticed Robin
   929 | D:2      | Reached ** piety under Trog
   941 | D:2      | Killed Robin
   941 | D:2      | Reached XP level 4. HP: 23/40 MP: 4/4
   945 | D:2      | Reached skill level 5 in Long Blades
  1262 | D:2      | Noticed Sigmund
  1275 | D:2      | Killed Sigmund
  1275 | D:2      | Reached skill level 6 in Long Blades
  1275 | D:2      | Reached XP level 5. HP: 21/46 MP: 5/5
  1275 | D:2      | Reached XP level 6. HP: 24/55 MP: 6/6
  1397 | D:2      | Reached *** piety under Trog
  1731 | D:2      | Noticed Crazy Yiuf
  1738 | D:2      | Killed Crazy Yiuf
  1738 | D:2      | Reached skill level 7 in Long Blades
  2019 | D:3      | Found a radiant altar of Vehumet.
  2071 | D:3      | Found an opulent altar of Gozag.
  2116 | D:3      | Reached **** piety under Trog
  2233 | D:3      | Quit the game

Vault maps used:
D:1:      minmay_arrival_four_loops, minmay_liquid_box, grunt_decor_arrowhead,
          st_stairs_1, minmay_close_crescents
D:2:      roderic_lattice_a, minmay_rat_hole, uniq_robin, uniq_sigmund,
          uniq_crazy_yiuf_cottage
D:3:      marbit_many_paths, vehumet_crystals, old_standard_altar,
          amethyst_overflow_temple_binary, minivault_23, kennysheep_nub
D:4:      lemuel_upstairs_altar, grunt_qazlal_clouds,
          minmay_temple_entry_poolview, first_bread, serial_shops,
          nicolae_shop_crystal

Vanquished Creatures
  Sigmund
  A phantom Crazy Yiuf Robin
  5 gnolls
  5 adders
  An ooze
  A giant gecko
  5 orcs
  3 giant cockroaches
  12 goblins
  12 hobgoblins
  5 jackals
  7 kobolds
  A quokka
  9 bats
  2 giant newts
  21 rats
  A fungus
94 creatures vanquished.
